 Dungeon Crawl Stone Soup version 0.28.0-43-g3370ac3207 (console) character file.

Game seed: 6351296021985828967

6141 Zeor the Covert (level 10, -2/51 HPs)
             Began as a Vine Stalker Enchanter on Mar 31, 2022.
             Was a Believer of Wu Jian.
             Succumbed to a black mamba's poison
             ... on level 9 of the Dungeon.
             The game lasted 00:39:20 (10030 turns).

Zeor the Covert (Vine Stalker Enchanter)           Turns: 10030, Time: 00:39:21

Health: -2/51      AC:  8    Str: 11    XL:     10   Next: 90%
Magic:  4/23       EV: 13    Int: 25    God:    Wu Jian [**....]
Gold:   412        SH:  5    Dex: 15    Spells: 8/26 levels left

rFire   . . .      SeeInvis +   a - +3 rapier (drain)
rCold   . . .      Faith    .   (no shield)
rNeg    . . .      Spirit   +   r - +0 steam dragon scales
rPois   .          Reflect  +   k - +0 helmet
rElec   .          Harm     .   (no cloak)
rCorr   .          Rampage  .   l - +0 pair of gloves
Will    +....                   c - +0 pair of boots
Stlth   ++++......              n - amulet of reflection
HPRegen 0.97/turn               e - +6 ring of intelligence
MPRegen 0.18/turn               t - ring of see invisible

@: lethally poisoned (-2 -> -22), confusing by touch
A: fangs 3, regeneration 1, magic shield, antimagic bite, no potion heal 2
a: Renounce Religion, Wall Jump


You were on level 9 of the Dungeon.
You worshipped Wu Jian.
Wu Jian was pleased with you.
You visited 2 branches of the dungeon, and saw 10 of its levels.

You collected 457 gold pieces.
You spent 45 gold pieces at shops.

Inventory:

Hand Weapons
 a - a +3 rapier of draining (weapon)
 b - a +1 dagger of venom
 F - a +2 vampiric dagger
 G - a +0 hand crossbow
Missiles
 g - 70 bolts
 h - 131 arrows
 v - 2 javelins
 w - 16 boomerangs
 A - a throwing net (quivered)
Armour
 c - a +0 pair of boots (worn)
 k - a +0 helmet (worn)
 l - a +0 pair of gloves (worn)
 r - +0 steam dragon scales (worn)
 D - a +0 robe of cold resistance
Magical Staves
 d - a staff of air
Jewellery
 e - a +6 ring of intelligence (left hand)
 n - an amulet of reflection (around neck)
 s - a ring of protection from cold
 t - a ring of see invisible (right hand)
Wands
 i - a wand of charming (10)
 q - a wand of flame (28)
 B - a wand of polymorph (7)
 C - a wand of iceblast (10)
Scrolls
 u - a scroll of enchant weapon
 x - 2 scrolls of vulnerability
 y - 3 scrolls of teleportation
Potions
 f - 3 potions of curing
 j - 4 potions of lignification
 m - a potion of flight
 o - 2 potions of ambrosia
 p - 2 potions of might
 z - a potion of attraction
 E - a potion of haste


   Skills:
 * Level 5.0 Fighting
 + Level 4.8 Short Blades
 + Level 2.3 Armour
 + Level 2.7 Dodging
 + Level 8.8 Stealth
 + Level 1.0 Shields
 * Level 8.6 Spellcasting
 * Level 8.2 Hexes
 + Level 0.6 Necromancy
 + Level 3.5 Ice Magic


You had 8 spell levels left.
You knew the following spells:

 Your Spells              Type           Power      Damage    Failure   Level
a - Ensorcelled Hibernat  Hex/Ice        80%        N/A       1%          2
b - Confusing Touch       Hex            51%        N/A       1%          3
c - Tukima's Dance        Hex            51%        N/A       1%          3
d - Dazzling Flash        Conj/Hex       62%        N/A       3%          3
e - Anguish               Hex/Necr       16%        N/A       9%          4
f - Frozen Ramparts       Ice            56%        1d7       4%          3

Your spell library contained the following spells:

 Spells                   Type           Power      Damage    Failure   Level
 Summon Guardian Golem    Hex/Summ       31%        N/A       3%          3
 Pain                     Necr           56%        1d6       4%          1
 Summon Small Mammal      Summ           40%        N/A       6%          1
 Call Canine Familiar     Summ           10%        N/A       17%         3
 Spider Form              Tmut/Pois      10%        N/A       17%         3
 Ice Form                 Ice/Tmut       19%        N/A       26%         4
 Summon Ice Beast         Ice/Summ       19%        N/A       26%         4
 Blade Hands              Tmut           5%         N/A       85%         5
 Irradiate                Conj/Tmut      5%         3d15      85%         5
 Dragon Form              Tmut           5%         N/A       100%        7


Dungeon Overview and Level Annotations

Branches:
Dungeon (9/15)             Temple (1/1) D:5            Lair (0/6) D:8
    Orc: D:9-12

Altars:
Ashenzari
Dithmenos
Fedhas
Gozag
Hepliaklqana
Kikubaaqudgha
Makhleb
Nemelex Xobeh
Okawaru
Qazlal
Ru
Sif Muna
Trog
Uskayaw
Vehumet
Wu Jian
Xom
Yredelemnul
Zin
The Shining One

Shops:
D:3 [   D:7 *   D:8 [

Annotations:
D:9 exclusion: two-headed ogre


Innate Abilities, Weirdness & Mutations

You have razor-sharp teeth.
Your natural rate of healing is unusually fast.
When hurt, damage is shared between your health and your magic reserves.
Your bite disrupts and absorbs the magic of your enemies.
Potions cannot restore your health.


Message History

The wall freezes the black mamba.
The black mamba seems to slow down.
The black mamba bites you!
The wall freezes the black mamba but does no damage.
The black mamba bites you!
Casting: Frozen Ramparts (dangerous; 4% risk of failure)
Confirm with . or Enter, or press ? or * to list all spells.
Aiming: Ensorcelled Hibernation (safe; 1% risk of failure)
Press: ? - help, Shift-Dir - straight line, f - black mamba
Aim: a black mamba (lightly wounded, slow, chance to affect: 66%)
The black mamba looks drowsy...
The wall freezes the black mamba.
The black mamba hisses angrily.
The black mamba seems to slow down.
The black mamba bites you!
Casting: Ensorcelled Hibernation (safe; 1% risk of failure)
Confirm with . or Enter, or press ? or * to list all spells.
Your hands begin to glow red.
The wall freezes the black mamba.
The black mamba bites you.
You are poisoned.
The black mamba poisons you!
A gnoll shaman comes into view. It is wielding a +1 whip of draining.
The wall freezes the black mamba.
The black mamba bites you.
You closely miss the black mamba. Your bite misses the black mamba.
The black mamba is moderately wounded.
You feel very sick.
The wall freezes the black mamba.
The black mamba seems to slow down.
The black mamba bites you.
You are lethally poisoned!
The black mamba poisons you!
As you read the scroll of teleportation, it crumbles to dust.
You feel strangely unstable.
* * * LOW HITPOINT WARNING * * *
You feel extremely sick.
The wall freezes the two-headed ogre.
The wall freezes the black mamba.
The black mamba closely misses you.
Your frozen ramparts will break if you move.
Continue?
The frozen ramparts melt away as you move.
* * * LOW HITPOINT WARNING * * *
You feel extremely sick.
Okay, then.
Your surroundings suddenly seem different.
You die...

▒∙▒∙∙∙∙∙∙∙†∙∙∙∙▒
∙∙∙∙∙∙∙)∙∙∙∙∙∙∙▒
▒▒▒▒▒▒∙▒▒∙∙∙∙∙∙∙∙∙∙∙▒
▒∙∙∙∙▒∙▒▒∙∙∙∙∙∙∙∙∙∙∙▒
▒∙▒▒∙▒∙▒∙∙∙∙∙∙∙∙∙∙∙∙▒
▒∙▒∙∙▒∙▒∙▒'▒'▒▒▒▒▒▒▒▒▒▒▒
▒∙▒∙▒▒∙▒∙▒∙▒∙∙[∙∙∙∙∙∙S∙O
▒∙▒∙▒▒∙▒'▒∙▒▒▒▒▒▒▒▒▒▒▒▒▒
▒∙▒∙∙∙∙f∙∙∙▒
▒▒▒▒▒▒▒∙▒▒▒▒∙∙∙∙∙▒
▒∙∙∙∙∙∙∙∙∙∙∙<∙∙∙∙▒
▒∙▒▒▒▒▒∙[∙∙∙∙∙∙∙∙▒ ▒∙▒
▒▒▒▒▒▒▒▒▒▒∙▒ ▒∙▒ ▒∙▒ ▒∙▒
▒∙▒ ▒∙▒ ∙▒ ▒∙▒


There were no monsters in sight!

Vanquished Creatures
  Harold (D:7)
  A boulder beetle (D:8)
  Pikel (D:7)
  A komodo dragon (D:8)
  Grinder (D:3)
  Prince Ribbit (D:7)
  Sigmund (D:5)
  3 steam dragons
  Duvessa (D:7)
  5 water moccasins
  A sky beast (D:6)
  2 black bears
  2 ogres (D:5)
  3 necrophages
  A centaur (D:7)
  A lemure (D:7)
  2 bullfrogs (D:8)
  A gnoll sergeant (D:8)
  A scorpion (D:5)
  A water moccasin zombie (D:5)
  Dowan (D:7)
  6 wights
  A howler monkey (D:7)
  3 centaur zombies
  2 bullfrog zombies
  An orc priest (D:4)
  2 jellies
  3 hounds
  2 gnoll shamans (D:8)
  A bullfrog skeleton (D:6)
  2 centaur skeletons (D:6)
  3 iguanas
  Natasha (thrice) (D:3)
  3 orc wizards
  A killer bee zombie (D:6)
  A hound skeleton (D:5)
  2 howler monkey zombies (D:5)
  Robin (D:2)
  A howler monkey skeleton (D:4)
  10 gnolls
  6 adders
  2 white imps
  4 worms
  3 dart slugs
  13 orcs
  3 ball pythons
  2 bats
  4 endoplasms
  9 giant cockroaches
  12 goblins
  11 hobgoblins
  3 jackals
  2 quokkas
  2 frilled lizards
  A jackal skeleton (D:4)
  8 kobolds
  2 rats
  A spectral kobold (D:3)
168 creatures vanquished.

Vanquished Creatures (collateral kills)
  A kobold brigand (D:7)
  A wight (D:8)
  2 gnolls (D:8)
  An orc (D:6)
  2 kobolds (D:7)
7 creatures vanquished.

Vanquished Creatures (others)
  2 dancing weapons
  A phantom (D:7)
  18 plants
21 creatures vanquished.

Grand Total: 196 creatures vanquished

Notes
Turn   | Place    | Note
-------+----------+-------------------------------------------
     0 | D:1      | Zeor the Vine Stalker Enchanter began the quest for the
                  | Orb.
     0 | D:1      | Reached XP level 1. HP: 9/9 MP: 4/4
    43 | D:1      | Reached skill level 1 in Short Blades
   238 | D:1      | Reached XP level 2. HP: 10/13 MP: 6/6
   343 | D:1      | Learned a level 2 spell: Ensorcelled Hibernation
   885 | D:2      | Noticed Robin
   895 | D:2      | Killed Robin
   896 | D:2      | Reached XP level 3. HP: 12/16 MP: 0/7
  1220 | D:2      | Learned a level 3 spell: Confusing Touch
  2154 | D:2      | Gained mutation: Your natural rate of healing is unusually
                  | fast. [Vine Stalker growth]
  2154 | D:2      | Reached XP level 4. HP: 21/21 MP: 9/9
  2158 | D:2      | Learned a level 3 spell: Tukima's Dance
  2616 | D:3      | Found a faded altar of an unknown god.
  3245 | D:3      | Noticed Grinder
  3266 | D:3      | Killed Grinder
  3267 | D:3      | Reached skill level 5 in Stealth
  3267 | D:3      | Reached skill level 1 in Ice Magic
  3267 | D:3      | Reached XP level 5. HP: 17/24 MP: 9/11
  3267 | D:3      | Reached XP level 6. HP: 20/28 MP: 9/12
  3290 | D:3      | Noticed Natasha
  3293 | D:3      | Found Xirghu's Armour Boutique.
  3297 | D:3      | Bought a +0 pair of gloves for 45 gold pieces
  3310 | D:3      | Killed Natasha
  3426 | D:3      | Noticed Natasha
  3430 | D:3      | Killed Natasha
  3504 | D:3      | Noticed Natasha
  3516 | D:3      | Killed Natasha
  3613 | D:4      | Reached XP level 7. HP: 32/32 MP: 11/14
  3622 | D:4      | Learned a level 3 spell: Dazzling Flash
  4011 | D:4      | Identified a scroll of acquirement
  4011 | D:4      | Acquired a +2 rapier of draining
  4225 | D:4      | Found a sacrificial altar of Ru.
  4526 | D:5      | Entered Level 5 of the Dungeon
  4532 | D:5      | Noticed Sigmund
  4546 | D:5      | Killed Sigmund
  4547 | D:5      | Reached skill level 1 in Fighting
  4756 | D:5      | Gained mutation: You have razor-sharp teeth. [Vine Stalker
                  | growth]
  4756 | D:5      | Reached XP level 8. HP: 37/37 MP: 12/15
  4874 | D:5      | Reached skill level 5 in Hexes
  4896 | D:5      | Reached skill level 5 in Spellcasting
  5014 | D:5      | Found a staircase to the Ecumenical Temple.
  5031 | Temple   | Entered the Ecumenical Temple
  5123 | Temple   | Became a worshipper of the Wu Jian Council
  5176 | D:5      | Reached skill level 1 in Armour
  5284 | D:5      | Found a radiant altar of Vehumet.
  5305 | D:5      | Found an ancient bone altar of Kikubaaqudgha.
  5306 | D:5      | Found a shimmering blue altar of Sif Muna.
  5312 | D:5      | Got Kikubaaqudgha's Handbook of Evil Rites
  5921 | D:5      | Found a glowing golden altar of the Shining One.
  6240 | D:6      | Learned a level 4 spell: Anguish
  6248 | D:6      | Found a hide-covered altar of Uskayaw.
  6814 | D:6      | Reached XP level 9. HP: 43/43 MP: 18/18
  6949 | D:6      | Learned a level 3 spell: Frozen Ramparts
  7141 | D:6      | Found a stormy altar of Qazlal.
  7310 | D:7      | Found an opulent altar of Gozag.
  7311 | D:7      | Found a sparkling altar of Nemelex Xobeh.
  7321 | D:7      | Noticed Harold
  7322 | D:7      | Found Heentota's Elemental Accessories.
  7343 | D:7      | Killed Harold
  7484 | D:7      | Reached * piety under Wu Jian
  7602 | D:7      | Noticed Prince Ribbit
  7607 | D:7      | Killed Prince Ribbit
  7762 | D:7      | Found a shadowy altar of Dithmenos.
  7778 | D:7      | Noticed Dowan
  7783 | D:7      | Noticed Duvessa
  7784 | D:7      | Killed Dowan
  7795 | D:7      | Killed Duvessa
  7843 | D:7      | Noticed Pikel
  7918 | D:7      | Killed Pikel
  7919 | D:7      | Reached XP level 10. HP: 49/49 MP: 15/22
  8774 | D:8      | Reached ** piety under Wu Jian
  8886 | D:8      | Found Zoeruicoi's Antique Armour Emporium.
  9000 | D:8      | Found a staircase to the Lair.
  9021 | D:8      | Reached skill level 1 in Shields
  9144 | D:8      | Noticed a boulder beetle
  9155 | D:8      | Killed a boulder beetle
  9730 | D:8      | Found a hazy altar of Hepliaklqana.
  9942 | D:9      | Noticed a two-headed ogre
  9986 | D:9      | Reached skill level 5 in Fighting
 10017 | D:9      | Noticed a black mamba
 10021 | D:9      | Noticed a two-headed ogre
 10030 | D:9      | Succumbed to a black mamba's poison

Illustrated notes

Levels and vault maps discovered:
D:1:      evilmike_arrival_plus, layout_loops_ring
D:2:      layout_basic, uniq_robin
D:3:      minmay_skewed_foursquare, layout_rooms, serial_shops,
          nicolae_shop_behind_doors, dreamdust_ecumenical_altar_drowned_temple,
          nicolae_figureground_pulse, uniq_grinder, uniq_natasha
D:4:      layout_basic, marbit_many_paths
D:5:      wad_crossroads, layout_basic, grunt_temple_overflow_magic_moments,
          mainiacjoe_overflow_surrounded_room, minmay_temple_entry_antechambers,
          kennysheep_generic_room_6, uniq_sigmund
D:6:      layout_loops_ring, nicolae_qazlal_eye_of_the_storm,
          mainiacjoe_overflow_alcove_4, serial_rivers,
          chequers_serial_rivers_micro_d, chequers_serial_rivers_marsh,
          chequers_serial_rivers_micro_e, chequers_serial_rivers_room_b,
          chequers_serial_rivers_small_a, chequers_serial_rivers_micro_b,
          minmay_fractal_squares_gapless_5
D:7:      layout_loops_cross, grunt_temple_overflow_opulence,
          general_overflow_altar, nicolae_elemental_shop,
          small_statue_intersection, serial_bayou_pond_c,
          kennysheep_windowed_goal, uniq_duvessa, uniq_pikel, uniq_harold,
          uniq_prince_ribbit1
D:8:      layout_cave_pools, nzn_hepliaklqana_mist_gate, david_lair_shrubbed,
          serial_gnoll_camp, gnoll_camp_mini_shop, gnoll_camp_mini_hut,
          gnoll_camp_medium_02, gnoll_camp_mini_hut, item_on_display_a
D:9:      layout_basic, mainiacjoe_overflow_catwalk_spiral,
          minmay_alternating_orb
Temple:   compressed_dpeg_triangle_lava_temple

Skill      XL: |  1  2  3  4  5  6  7  8  9 10 |
---------------+-------------------------------+-----
Short Blades   | 1 2 3 4 |  4.8
Stealth        | 4 5 6 7 8 |  8.8
Spellcasting   | 3 4 5 7 8 |  8.6
Hexes          | 4 5 7 8 |  8.2
Ice Magic      | 1 2 3 |  3.5
Dodging        | 2 |  2.7
Fighting       | 1 2 4 5 |  5.0
Armour         | 1 2 |  2.3
Shields        | 1 |  1.0
Necromancy     | |  0.6

Action                   |  1- 3 |  4- 6 |  7- 9 | 10-12 || total
-------------------------+-------+-------+-------+-------++-------
Melee: Dagger            |    71 |    83 |    36 |     1 ||   191
       Bite              |    14 |    14 |    40 |    25 ||    93
       Punch             |     2 |     2 |     2 |     1 ||     7
       Rapier            |       |       |   104 |    94 ||   198
Throw: Throwing net      |       |       |     1 |       ||     1
 Cast: Ensorcelled Hiber |    21 |    32 |    43 |    36 ||   132
       Confusing Touch   |     1 |     2 |    14 |    13 ||    30
       Tukima's Dance    |       |       |     6 |     3 ||     9
       Frozen Ramparts   |       |       |     1 |     4 ||     5
       Dazzling Flash    |       |       |       |     4 ||     4
       Anguish           |       |       |       |     3 ||     3
Invok: Lunge             |       |       |    20 |    22 ||    42
       Whirlwind         |       |       |     3 |     7 ||    10
  Use: Scroll            |     2 |     4 |     9 |     4 ||    19
       Potion            |     1 |     1 |     1 |       ||     3
 Stab: Sleeping          |    18 |    23 |    39 |    24 ||   104
       Confused          |     1 |     3 |     8 |     9 ||    21
       Distracted        |       |       |     1 |       ||     1
       Invisible         |       |       |       |     1 ||     1
Armor: Robe              |    11 |    12 |     1 |       ||    24
       Leather armour    |       |       |    20 |    22 ||    42
       Steam dragon scal |       |       |       |     1 ||     1
Dodge: Dodged            |    28 |    48 |    63 |    51 ||   190
Block: Other             |       |     6 |    22 |    19 ||    47
       Reflection        |       |       |     1 |     1 ||     2
